 Dungeon Crawl Stone Soup version 0.24-a0-512-g2b48af375b (webtiles) character file.

Game seed: 249705644414157807

457 Mithandil the Conjurer (level 6, -1/32 HPs)
             Began as a Deep Elf Conjurer on July 20, 2019.
             Killed by nerve-wracking pain
             ... invoked by an orc priest
              (10 damage)
             ... on level 5 of the Dungeon.
             The game lasted 00:32:27 (4559 turns).

Mithandil the Conjurer (Deep Elf Conjurer)          Turns: 4559, Time: 00:32:27

Health: -1/32      AC:  3    Str:  5    XL:     6   Next: 77%
Magic:  1/16       EV: 15    Int: 22    God:
Gold:   228        SH:  0    Dex: 15    Spells: 2/16 levels left

rFire    . . .     SeeInvis .   a - +1 dagger (venom)
rCold    . . .     Gourm    .   (no shield)
rNeg     . . .     Faith    .   i - +0 robe
rPois    .         Spirit   .   s - +0 helmet
rElec    .         Reflect  .   (no cloak)
rCorr    .         Harm     .   (no gloves)
MR       .....                  (no boots)
Stlth    +++.......             (no amulet)
HPRegen  0.10/turn              (no ring)
MPRegen  0.15/turn              (no ring)

@: no status effects
A: no striking features
a: no special abilities


You were on level 5 of the Dungeon.
You were very hungry.

You visited 1 branch of the dungeon, and saw 6 of its levels.
You also visited: Sewer.

You collected 228 gold pieces.

Inventory:

Hand Weapons
 a - a +1 dagger of venom (weapon)
 m - a +0 short sword
Missiles
 g - 28 poisoned darts (quivered)
 p - 65 arrows
Armour
 i - a +0 robe (worn)
 s - a +0 helmet (worn)
Wands
 e - a wand of random effects (14)
 o - a wand of flame (25)
Scrolls
 f - a scroll of amnesia
 h - a scroll of identify
 n - 2 scrolls of noise {unknown}
 v - a scroll of teleportation {unknown}
 w - a scroll of remove curse
Potions
 b - a potion of agility {unknown}
 d - a potion of invisibility {unknown}
 j - 4 potions of curing
 k - 3 potions of flight {unknown}
 l - 2 potions of might
 q - a potion of resistance {unknown}
 r - 2 potions of mutation
 t - a potion of lignification {unknown}
 u - 2 potions of heal wounds {unknown}
 x - a potion of degeneration {unknown}
Comestibles
 c - 8 rations
 z - 2 chunks of flesh


   Skills:
 * Level 5.0 Dodging
 + Level 4.0 Stealth
 * Level 5.5 Spellcasting
 * Level 5.9 Conjurations
 + Level 1.4 Hexes
 + Level 1.2 Translocations


You had 2 spell levels left.
You knew the following spells:

 Your Spells              Type           Power        Failure   Level  Hunger
a - Magic Dart            Conj           ####         1%          1    None
b - Searing Ray           Conj           ####..       1%          2    None
c - Force Lance           Conj/Tloc      ###.....     22%         4    ####...
d - Iskenderun's Mystic   Conj           ####....     9%          4    ####...
s - Dazzling Spray        Conj/Hex       ###...       6%          3    ##.....

Your spell library contained the following spells:

 Spells                   Type           Power        Failure   Level  Hunger
 Beastly Appendage        Tmut           #.....       10%         1    None
 Sticks to Snakes         Tmut           #.......     14%         2    None
 Fulminant Prism          Conj/Hex       ###.......   21%         4    ####...
 Spider Form              Tmut/Pois      #.........   28%         3    ##.....
 Ice Form                 Ice/Tmut       #.......     67%         4    ####...
 Blade Hands              Tmut           #.........   95%         5    #####..


Dungeon Overview and Level Annotations

Branches:
Dungeon (6/15)
 Temple: D:4-7

Altars:
Elyvilon
Fedhas
Gozag
Uskayaw
Xom
Yredelemnul
Zin

Annotations:
D:4 Eustachio, Menkaure
D:5 exclusion: downstairs
D:6 Duvessa


Message History

Confirm with . or Enter, or press ? or * to list all spells.
Aiming: Magic Dart (safe; 1% risk of failure)
Press: ? - help, Shift-Dir - straight line, f/p - orc priest
Aim: an orc priest, wielding a +0 club and wearing a +0 chain mail (heavily wounded)
The magic dart hits the orc priest.
The orc priest is heavily wounded.
The crimson imp blinks!
Casting: Magic Dart (safe; 1% risk of failure)
Confirm with . or Enter, or press ? or * to list all spells.
You don't have enough magic to cast that spell.
Unknown command.
You barely miss the orc priest.
The orc priest is heavily wounded.
The orc priest hits you with a +0 club.
* * * LOW HITPOINT WARNING * * *
You completely miss the orc priest.
The orc priest is heavily wounded.
The orc priest mumbles some strange prayers to Beogh against you.
Pain shoots through your body!
You die...

############ #..........# ###
#.########.# #.# ##### #># #.#
#.# ######...# #.########.# #.#
#......#.# #.##.......# #.#
###....5.).#####.##.#######
#.###.5.######o@........#
#...5.###♣♣♣♣####....##.#
###.###♣♣....♣♣♣###..##.#
#..#♣♣.........♣♣#..##.#
##.##♣...........♣#..##.#
##oo#♣............♣#..##.###
#..##♣............♣#....#..#
..l#♣..♣♣♣♣♣♣.._..♣#.....#.######
...#..♣#♣♣♣##♣⌠.⌠♣#♣....##.......


You could see an orc priest and a crimson imp.

Vanquished Creatures
  A big kobold (Sewer)
  A scorpion (D:4)
  A howler monkey (D:4)
  A bullfrog skeleton (D:4)
  A worker ant (D:2)
  11 adders
  3 river rats (Sewer)
  An adder zombie (D:5)
  4 worms
  3 dart slugs
  2 leopard geckos
  6 orcs
  6 giant cockroaches
  8 goblins
  7 hobgoblins
  A jackal (Sewer)
  15 kobolds
  A quokka (D:5)
  10 bats
  4 frilled lizards
  A giant cockroach zombie (D:5)
  A jackal skeleton (D:4)
  18 rats
107 creatures vanquished.

Notes
Turn   | Place    | Note
-------+----------+-------------------------------------------
     0 | D:1      | Mithandil the Deep Elf Conjurer began the quest for the
                  | Orb.
     0 | D:1      | Reached XP level 1. HP: 10/10 MP: 6/6
   182 | D:2      | Reached XP level 2. HP: 15/15 MP: 6/8
   186 | D:2      | Learned a level 2 spell: Searing Ray
   626 | D:1      | Reached XP level 3. HP: 19/19 MP: 2/10
  1313 | D:2      | Reached skill level 5 in Conjurations
  1373 | D:2      | Reached XP level 4. HP: 24/24 MP: 9/12
  1822 | D:2      | Noticed a +0 dagger
  1823 | D:2      | Found a hide-covered altar of Uskayaw.
  1824 | D:2      | Noticed a +0 hand axe
  1999 | D:4      | Reached XP level 5. HP: 23/28 MP: 3/13
  2283 | D:5      | Entered Level 5 of the Dungeon
  2335 | D:4      | Found a glowing drain.
  2403 | Sewer    | Entered a sewer
  2414 | Sewer    | Reached skill level 5 in Spellcasting
  2622 | Sewer    | Learned a level 4 spell: Force Lance
  2627 | Sewer    | Learned a level 4 spell: Iskenderun's Mystic Blast
  2631 | Sewer    | Learned a level 3 spell: Dazzling Spray
  2669 | Sewer    | Reached XP level 6. HP: 27/32 MP: 0/15
  2761 | Sewer    | Found a glowing silver altar of Zin.
  3068 | D:3      | Found a blossoming altar of Fedhas.
  3087 | D:3      | Reached skill level 1 in Hexes
  3232 | D:3      | Found an opulent altar of Gozag.
  3232 | D:3      | Found a glowing silver altar of Zin.
  3750 | D:4      | Found a shimmering altar of Xom.
  3843 | D:4      | Reached skill level 1 in Translocations
  3903 | D:4      | Noticed Menkaure
  4057 | D:4      | Noticed Eustachio
  4284 | D:5      | Found a basalt altar of Yredelemnul.
  4333 | D:6      | Noticed Duvessa
  4497 | D:5      | Found a white marble altar of Elyvilon.
  4522 | D:5      | Reached skill level 5 in Dodging
  4559 | D:5      | Killed from afar by an orc priest

Levels and vault maps discovered:
D:1:      dpeg_arrival_simpleton_c, layout_rooms, kennysheep_small_spiral
D:2:      layout_loops_cross, dancing_weapons_uskayaw, grunt_decor_cap
D:3:      layout_basic, grunt_temple_overflow_gold_and_silver,
          fedhas_ov_isle_minmay
D:4:      layout_loops_ring, nicolae_overflow_hidden_temple,
          cheibrodos_sewer_entry_bend, uniq_eustachio, uniq_menkaure
D:5:      kennysheep_kobold_camp, layout_loops_ring, kennysheep_ying_yang,
          nicolae_ru_sacrificial_ziggurat, lemuel_coloured_pillars_altar,
          minmay_temple_entry_large_hall, first_ration
D:6:      layout_rooms, serial_aquarium, aquarium_bridge_straight
          [aquarium_subvault_bridge, aquarium_subvault_balcony,
          aquarium_subvault_bridge, aquarium_subvault_wall], aquarium_window_3,
          aquarium_window_2, aquarium_view_2c, aquarium_balcony_5b,
          uniq_crazy_yiuf_cottage, uniq_duvessa, uniq_edmund

Skill      XL: |  1  2  3  4  5  6 |
---------------+-------------------+-----
Dodging        | 3 4 5 |  5.0
Stealth        | 3 4 |  4.0
Spellcasting   | 4 5 |  5.5
Conjurations   | 5 |  5.9
Hexes          | 1 |  1.4
Translocations | 1 |  1.2

Action                   |  1- 3 |  4- 6 || total
-------------------------+-------+-------++-------
Melee: Dagger            |       |    25 ||    25
 Cast: Magic Dart        |    72 |   168 ||   240
       Searing Ray       |       |     3 ||     3
       Iskenderun's Myst |       |     3 ||     3
  Use: Scroll            |     2 |     6 ||     8
       Potion            |       |     1 ||     1
  Eat: Chunk             |     1 |     6 ||     7
       Ration            |       |     1 ||     1
Armor: Robe              |     1 |    11 ||    12
Dodge: Dodged            |    11 |    49 ||    60

Table legend:
 A = Non-vault XP
 B = Vault XP
 C = Vault XP percentage of total XP
 D = Non-vault monster count
 E = Vault monster count
 F = Vault count percentage of total count
                 A         B        C        D         E       F
            +---------+---------+-------+---------+---------+-------
      Total |     492 |     162 |  24.8 |      95 |      12 |  11.2
            +---------+---------+-------+---------+---------+-------
        D:1 |      43 |       0 |   0.0 |      26 |       0 |   0.0
        D:2 |      80 |       0 |   0.0 |      27 |       0 |   0.0
        D:3 |     106 |       0 |   0.0 |      21 |       0 |   0.0
        D:4 |     211 |       5 |   2.3 |      11 |       1 |   8.3
        D:5 |      52 |       0 |   0.0 |      10 |       0 |   0.0
      Sewer |       0 |     157 | 100.0 |       0 |      11 | 100.0
            +---------+---------+-------+---------+---------+-------
